[Event "*** Titled Tuesday Blitz"]
[Site "Chess.com"]
[Date "2020.12.01"]
[Round "3"]
[White "elohunter1999"]
[Black "FlamingPhoenix2910"]
[Result "1-0"]
[WhiteElo "2592"]
[BlackElo "2877"]
[TimeControl "180+1"]
[EndTime "10:27:48 PST"]
[Termination "elohunter1999 won by checkmate"]

1. e4 c5 2. Nf3 Nc6 3. Bb5 e6 4. O-O Nge7 5. d4 cxd4 6. Nxd4 g6 7.
Be3 Bg7 8. Nc3 O-O 9. Qd2 d5 10. Bxc6 bxc6 11. Bh6 c5 12. Bxg7 Kxg7 13. Nb3 Qd6 14.
Rad1 Bb7 15. Rfe1 d4 16. Na4 Rfc8 17. Qa5 c4 18. Nxd4 Qb8 19. Nxe6+ fxe6 20. Rd7 Re8 21.
Qb4 Bc6 22. Rxe7+ Kg8 23. Rxe8+ Bxe8 24. Qxc4 Bxa4 25. Qxa4 Qxb2 26. Qc6 Rf8 27. Qxe6+ Kg7 28. Rd1 Qxc2 29. Rd7+ Kh6 30. Qh3+ Kg5 31. Qg3+ Kh5 32. Rxh7# 1-0

[Event "*** Titled Tuesday Blitz"]
[Site "Chess.com"]
[Date "2020.12.01"]
[Round "3"]
[White "ChessQueen"]
[Black "DraG0s3L"]
[Result "0-1"]
[WhiteElo "2720"]
[BlackElo "2527"]
[TimeControl "180+1"]
[EndTime "10:27:48 PST"]
[Termination "DraG0s3L won by resignation"]

1. e4 e6 2. d4 d5 3. Nc3 Bb4 4. a3 Bxc3+ 5. bxc3 dxe4 6. Qg4 Nf6 7. Qxg7 Rg8 8. Qh6 c5 9. Ne2 Nc6 10. dxc5 Bd7 11. Ng3 Rg6 12. Qe3 Qa5 13. Bd2 O-O-O 14. Be2 Ne5 15. c4 Qc7 16. a4 Bc6 17. Qc3 h5 18. h4 Neg4 19. Bg5 e3 20. Bxg4 exf2+ 21. Kf1 Nxg4 22. Bxd8 Qxd8 23. Qd3 Qf6 24. Rd1 Ne5 25. Qc3 Qf4 26. Rh3 f6 27. Qd4 Bxg2+ 28. Kxg2 f1=Q+ 29. Rxf1 Qxd4 0-1

[Event "*** Titled Tuesday Blitz"]
[Site "Chess.com"]
[Date "2020.12.01"]
[Round "3"]
[White "Chernov_Mikhail"]
[Black "nochewycandy"]
[Result "0-1"]
[WhiteElo "2306"]
[BlackElo "2523"]
[TimeControl "180+1"]
[EndTime "10:27:48 PST"]
[Termination "nochewycandy won by resignation"]

1. e4 g6 2. d4 Bg7 3. Nc3 d6 4. Be3 a6 5. Qd2 b5 6. a4 b4 7.
Nd1 Bb7 8. Bd3 a5 9. c3 bxc3 10. bxc3 Nf6 11. f3 O-O 12. Ne2 e5 13. O-O c6 14.
Nf2 Ba6 15. Bh6 Bxd3 16. Nxd3 Nbd7 17. Bxg7 Kxg7 18. f4 Nxe4 19. Qe3 f5 20. fxe5 dxe5 21. dxe5 Qe7 22. Rab1 Nxe5 23. Nxe5 Qxe5 24. Rb7+ Rf7 25. Rxf7+ Kxf7 26. Rb1 Re8 27. Rb7+ Re7 28. Rb6 Rd7 29. Nd4 c5 30. Nf3 Rd1+ 31. Ne1 Qxc3 32. Rb7+ Ke6 33.
Qxc3 Nxc3 34. Kf2 Ne4+ 35. Ke2 Rd2+ 36. Ke3 Ra2 37. Rxh7 Rxa4 38. Rg7 Kf6 39. Rc7 Ra3+ 40. Ke2 a4 41. Nd3 Rc3 42. Rc6+ Kg7 43. Nf4 g5 44. Ne6+ Kf7 45. Nc7 a3 46. Nb5 Rc2+ 47. Ke3 a2 48. Ra6 Rxg2 0-1

[Event "*** Titled Tuesday Blitz"]
[Site "Chess.com"]
[Date "2020.12.01"]
[Round "3"]
[White "mortngabriel"]
[Black "enriquebutti"]
[Result "0-1"]
[WhiteElo "2284"]
[BlackElo "2038"]
[TimeControl "180+1"]
[EndTime "10:27:49 PST"]
[Termination "enriquebutti won by checkmate"]

1. e4 c5 2. Nf3 d6 3. Bb5+ Bd7 4.
Bxd7+ Qxd7 5. c4 Nc6 6. d4 cxd4 7. Nxd4 Nf6 8. Nc3 e6 9. O-O a6 10. b3 Be7 11. Bb2 O-O 12. Qd2 Nxd4 13. Qxd4 b5 14.
Rfd1 Qb7 15. cxb5 axb5 16. f3 Rfc8 17. Kh1 Rab8 18. Rac1 b4 19. Na4 e5 20. Qd3 Rxc1 21.
Bxc1 Rd8 22. Bg5 Qc6 23. g3 Rc8 24. Rd2 Qc1+ 25. Kg2 Qa1 26. Bxf6 Bxf6 27. Nb6 Rc1 28. Qxd6 h6 29. Nd5 Rg1+ 30. Kh3 Qf1+ 31. Kg4 h5+ 32. Kxh5 Qxf3+ 33. g4 Qxg4# 0-1

[Event "*** Titled Tuesday Blitz"]
[Site "Chess.com"]
[Date "2020.12.01"]
[Round "3"]
[White "PaulfromSPb"]
[Black "FairChess_on_YouTube"]
[Result "0-1"]
[WhiteElo "2669"]
[BlackElo "2995"]
[TimeControl "180+1"]
[EndTime "10:27:50 PST"]
[Termination "FairChess_on_YouTube won on time"]

1. e4 c5 2. Ne2 a6 3. g3 d5 4.
Bg2 dxe4 5. Bxe4 Nf6 6. Bg2 e5 7. Nbc3 Nc6 8. O-O Be7 9. d3 O-O 10. Ne4 Nxe4 11. dxe4 Be6 12. Nc3 Qxd1 13. Nxd1 Nd4 14.
Ne3 Rfd8 15. Re1 Rd7 16. c3 Nb5 17. Nd5 Rad8 18. Be3 Bxd5 19. exd5 b6 20. a4 Nc7 21. c4 a5 22. Bd2 Bd6 23. Bc3 Re7 24. Re2 Rde8 25.
Rae1 f5 26. Bh3 g6 27. f3 h5 28. Bf1 Na6 29. b3 Nb4 30. Bxb4 cxb4 31. Bg2 Kg7 32. Rd2 Kf6 33. Kf1 h4 34. g4 Kg5 35. Rd3 Kf4 36.
Bh3 e4 37. fxe4 Rxe4 38. Rxe4+ fxe4 39. Rd2 Ke3 40. Ke1 Be5 41. Kd1 Bc3 42. Re2+ Kd4 43. g5 Rf8 44. d6 e3 45. d7 Kd3 46. Ra2 Bd2 0-1

[Event "*** Titled Tuesday Blitz"]
[Site "Chess.com"]
[Date "2020.12.01"]
[Round "3"]
[White "Beltraxtor"]
[Black "snowlord"]
[Result "0-1"]
[WhiteElo "2550"]
[BlackElo "2811"]
[TimeControl "180+1"]
[EndTime "10:27:50 PST"]
[Termination "snowlord won by resignation"]

1. e4 e5 2. Nf3 Nc6 3. Bb5 a6 4. Ba4 Nf6 5. O-O Be7 6. Re1 b5 7. Bb3 O-O 8. h3 d6 9. c3 Nb8 10. d4 Nbd7 11. c4 c6 12. Qc2 Bb7 13. dxe5 Nxe5 14. Nxe5 dxe5 15. Be3 Qa5 16. Nc3 b4 17. Ne2 c5 18. Ng3 g6 19. f4 Qc7 20. Rf1 exf4 21.
Bxf4 Bd6 22. Qf2 Bxf4 23. Qxf4 Qxf4 24. Rxf4 Nd7 25. Rd1 Ne5 26. Rf6 Rfd8 27. Rfd6 Rxd6 28. Rxd6 Bc6 29. Bc2 Kf8 30. b3 Ke7 31. Rd1 a5 32. Kf2 a4 33. Ke3 axb3 34. axb3 Ra2 35. Rd2 Ra3 36. Kf2 Ra2 37. Ke3 Ba4 38. Rd5 Nxc4+ 39.
bxc4 Bxc2 40. Rxc5 b3 41. Kd2 Bxe4+ 42. Kc3 b2 43. Rc7+ Kf8 44. Nxe4 b1=Q 45. Nd6 Qb2+ 0-1

[Event "*** Titled Tuesday Blitz"]
[Site "Chess.com"]
[Date "2020.12.01"]
[Round "3"]
[White "underdogchss"]
[Black "LuckSlayeer"]
[Result "0-1"]
[WhiteElo "2367"]
[BlackElo "2579"]
[TimeControl "180+1"]
[EndTime "10:27:50 PST"]
[Termination "LuckSlayeer won on time"]

1. d4 Nf6 2. c4 e6 3. Nf3 Bb4+ 4. Bd2 Qe7 5. g3 Bxd2+ 6. Qxd2 Nc6 7. Nc3 d5 8. cxd5 exd5 9. Bg2 O-O 10. O-O Re8 11.
Rac1 Bg4 12. h3 Bh5 13. Nh4 Rad8 14. Nf5 Qd7 15. Ne3 Ne7 16. f4 Bg6 17. g4 Ne4 18. Nxe4 Bxe4 19. Bxe4 dxe4 20. Rfd1 c6 21. Rc5 Ng6 22. Nf5 e3 23. Nxe3 Nxf4 24. Kh2 Qc7 25. Kh1 Nxh3 26. Rf1 Qg3 27. Ng2 Nf2+ 28. Rxf2 Qxf2 0-1

[Event "*** Titled Tuesday Blitz"]
[Site "Chess.com"]
[Date "2020.12.01"]
[Round "3"]
[White "OlifantCZ"]
[Black "Everyfishknows"]
[Result "1-0"]
[WhiteElo "2235"]
[BlackElo "2475"]
[TimeControl "180+1"]
[EndTime "10:27:50 PST"]
[Termination "OlifantCZ won on time"]

1. c4 Nf6 2. g3 g6 3. Bg2 Bg7 4. Nc3 O-O 5. e4 d6 6. Nge2 c5 7. O-O Nc6 8. d3 a6 9. h3 Rb8 10. a4 Bd7 11. f4 Ne8 12. Be3 Nd4 13. Rb1 Nc7 14. Bxd4 cxd4 15. Nd5 b5 16. axb5 axb5 17. b3 e6 18. Nxc7 Qxc7 19. Qc2 Rfc8 20. Ra1 Ra8 21. Qb2 bxc4 22. bxc4 Rab8 23. Qa3 Qc5 24.
Qxc5 dxc5 25. Ra7 Bc6 26. Rfa1 Ra8 27. Rxa8 Rxa8 28. Rxa8+ Bxa8 29. e5 Bxg2 30. Kxg2 Kf8 31. Kf3 Ke8 32. Ke4 h5 33. g4 hxg4 34. hxg4 Kd7 35.
Ng1 Bf8 36. Nf3 Be7 37. f5 gxf5+ 38. gxf5 exf5+ 39. Kxf5 Bd8 40. Nd2 Be7 41. Ne4 Kc6 42. Nf2 Kd7 43. Ng4 Bd8 44. Nf6+ Ke7 45. Ne4 Bb6 46.
Ng5 Bc7 47. Ke4 Bd8 48. Kd5 Ke8 49. Ne4 1-0

[Event "*** Titled Tuesday Blitz"]
[Site "Chess.com"]
[Date "2020.12.01"]
[Round "3"]
[White "InitiatingASC"]
[Black "NMZanette"]
[Result "1-0"]
[WhiteElo "2426"]
[BlackElo "2244"]
[TimeControl "180+1"]
[EndTime "10:27:50 PST"]
[Termination "InitiatingASC won by resignation"]

1. Nf3 Nf6 2. g3 d5 3. Bg2 Bf5 4. d3 h6 5. O-O e6 6. Nbd2 Be7 7. a3 O-O 8. b4 Nbd7 9. Rb1 Bh7 10. Bb2 Re8 11. Ne5 Nxe5 12. Bxe5 Nd7 13. Bb2 Bf6 14. e4 Bxb2 15. Rxb2 dxe4 16. Nxe4 Bxe4 17. Bxe4 c6 18. c4 Nf6 19. Bg2 Qd4 20. Qe2 a6 21. a4 Rad8 22. Rd1 Rd7 23. b5 axb5 24. axb5 c5 25. b6 e5 26.
Rbd2 Re6 27. Bh3 Rxb6 28. Bxd7 Nxd7 29. Qe4 Nf6 30. Qxd4 exd4 31. Re1 Kf8 32. h3 Rb3 33. Kf1 b5 34. cxb5 Rxb5 35. Re5 Rb1+ 36. Ke2 Rc1 37. Ra2 g6 38. Ra8+ Kg7 39. Ra7 Rc2+ 40. Ke1 Nh7 41. h4 Rc1+ 42. Kd2 Rf1 43. Ke2 Rb1 44. Ree7 Rb2+ 45. Kf1 1-0

[Event "*** Titled Tuesday Blitz"]
[Site "Chess.com"]
[Date "2020.12.01"]
[Round "3"]
[White "ChessteacherPalmS"]
[Black "Ariadna_Atreides"]
[Result "1-0"]
[WhiteElo "2310"]
[BlackElo "2072"]
[TimeControl "180+1"]
[EndTime "10:27:50 PST"]
[Termination "ChessteacherPalmS won on time"]

1. d4 Nf6 2. c4 e6 3. Nf3 d5 4.
Nc3 Bb4 5. cxd5 exd5 6. Bg5 O-O 7. e3 c6 8. Qc2 Nbd7 9. Bd3 Qc7 10. O-O Bd6 11.
Rac1 a6 12. Bh4 Re8 13. Bg3 Bxg3 14. hxg3 g6 15. Rfe1 Nf8 16. Ne5 c5 17. Nf3 c4 18.
Bf1 Bf5 19. Qd2 b5 20. a3 Ne4 21. Nxe4 Bxe4 22. Ne5 Nd7 23. Nxd7 Qxd7 24. f3 Bf5 25. g4 Be6 26. g3 a5 27. Kf2 Rab8 28. Qxa5 Rec8 29. Qc3 Rc7 30. e4 dxe4 31. Rxe4 Bd5 32.
Re5 Qc6 33. Rce1 f6 34. Re7 Rbb7 35. Re8+ Kg7 36. Qb4 Rf7 37. Bg2 1-0

[Event "*** Titled Tuesday Blitz"]
[Site "Chess.com"]
[Date "2020.12.01"]
[Round "3"]
[White "stepanosinovsky"]
[Black "zurzan"]
[Result "0-1"]
[WhiteElo "2291"]
[BlackElo "2083"]
[TimeControl "180+1"]
[EndTime "10:27:50 PST"]
[Termination "zurzan won on time"]

1. Nf3 d6 2. g3 f5 3. Bg2 Nf6 4. O-O g6 5. b3 Bg7 6. Bb2 O-O 7.
d4 c6 8. c4 Na6 9. Nc3 Qc7 10. Qc2 e5 11. dxe5 dxe5 12. Rad1 e4 13. Nd4 h6 14. a3 Bd7 15. b4 Rad8 16. c5 Nd5 17. Qb3 Bc8 18. Ndb5 Qf7 19. Nd6 Qe6 20.
Nxd5 Bxb2 21. Ne7+ Kh7 22. Qxb2 Qxe7 23. e3 Be6 24.
Rd4 Nc7 25. Rfd1 Nd5 26. a4 b6 27. Bf1 g5 28. Qc1 Rf6 29. Be2 Rg8 30. Kh1 f4 31. Rxe4 f3 32. Bd3 Kg7 0-1

[Event "*** Titled Tuesday Blitz"]
[Site "Chess.com"]
[Date "2020.12.01"]
[Round "3"]
[White "Sashadav97"]
[Black "exoticprincess"]
[Result "0-1"]
[WhiteElo "2628"]
[BlackElo "2902"]
[TimeControl "180+1"]
[EndTime "10:27:51 PST"]
[Termination "exoticprincess won by resignation"]

1. d4 d5 2. c4 c6 3. Nf3 Nf6 4. Nc3 dxc4 5. a4 a5 6. e4 Bg4 7. Bxc4 e6 8. Be3 Bb4 9. Qc2 Nbd7 10. O-O O-O 11. Kh1 Bh5 12. Bd3 Bg6 13. h3 Rc8 14. Ne5 c5 15. Nxg6 hxg6 16. Bb5 cxd4 17. Bxd4 Bc5 18. Bxf6 Nxf6 19. Qe2 Bb4 20. Rad1 Qb6 21. e5 Bxc3 22. exf6 Bxf6 23. b3 Rfd8 24. Bc4 Qc5 25.
f3 b6 26. Rxd8+ Rxd8 27. Rd1 Bd4 28. Rd3 g5 29. Qe4 g6 30. Rd1 Kg7 31. Rd3 Rd6 32.
Rd1 Bf6 33. Rxd6 Qxd6 34. Qd3 Qf4 35. Qe4 Qc1+ 36. Kh2 Qc3 37. h4 gxh4 38. Kh3 Qa1 39. Kh2 Be5+ 40. f4 Bf6 41. Qe3 Bd4 42. Qe4 Qg1+ 0-1

[Event "*** Titled Tuesday Blitz"]
[Site "Chess.com"]
[Date "2020.12.01"]
[Round "3"]
[White "PavelShkapenko"]
[Black "Chessalary"]
[Result "1-0"]
[WhiteElo "2697"]
[BlackElo "2418"]
[TimeControl "180+1"]
[EndTime "10:27:51 PST"]
[Termination "PavelShkapenko won by checkmate"]

1. e4 c5 2. c3 Nf6 3. e5 Nd5 4. d4 cxd4 5. cxd4 d6 6. Nf3 Nc6 7. Bc4 Nb6 8. Bb3 d5 9. Nh4 e6 10. Nf3 Bb4+ 11. Bd2 O-O 12. O-O Bd7 13. Bxb4 Nxb4 14.
Nc3 f6 15. Qd2 Nc6 16. Rfe1 fxe5 17. Nxe5 Nxe5 18. Rxe5 Qf6 19. Rae1 a5 20. a3 a4 21.
Ba2 Rf7 22. R1e3 Raf8 23. Rf3 Qg6 24. Rxf7 Rxf7 25. h4 Qg4 26. h5 Rf6 27. Nd1 Rf4 28. Ne3 Rxd4 29. Qa5 Qf4 30. Qxb6 Qxe5 31. Qd8+ Kf7 32.
Qxd7+ Kf6 33. Bb1 Qf4 34. Qd8+ Kf7 35. Bxh7 e5 36. Bg8# 1-0

[Event "*** Titled Tuesday Blitz"]
[Site "Chess.com"]
[Date "2020.12.01"]
[Round "3"]
[White "Angel_Hranitel_37"]
[Black "picturesquecheck"]
[Result "1-0"]
[WhiteElo "2473"]
[BlackElo "2144"]
[TimeControl "180+1"]
[EndTime "10:27:51 PST"]
[Termination "Angel_Hranitel_37 won by resignation"]

1. d4 Nf6 2. Nf3 d5 3. c4 e6 4. g3 Bb4+ 5. Bd2 Be7 6. Bg2 O-O 7. Qc2 c6 8. O-O b6 9. Rc1 Bb7 10. Bf4 Nbd7 11. Nbd2 Rc8 12. e4 dxe4 13. Nxe4 Nxe4 14. Qxe4 Nf6 15. Qe2 c5 16. Rd1 Qe8 17. b3 cxd4 18. Nxd4 Bxg2 19. Kxg2 Bc5 20. Nb5 a6 21. Nd6 Qc6+ 22. Qf3 Qxf3+ 23. Kxf3 Bxd6 24. Rxd6 b5 25. Rc1 a5 26. Ra6 bxc4 27. Rxc4 Ra8 28. Rxa8 Rxa8 29. Ra4 Nd5 30. Bd2 Kf8 31. Rxa5 Rc8 32. Ra7 h6 33. Be3 g5 34. Rb7 Kg7 35. a4 Kg6 36. a5 Ra8 37. b4 Nxb4 38. Rxb4 Rxa5 39. h4 Rd5 40. Kg4 h5+ 41. Kf3 Rf5+ 42. Ke2 g4 43. Rb8 Ra5 44. Rg8+ Kh7 45. Rg5 Rxg5 46. Bxg5 Kg6 47. Kd3 Kf5 48.
Kd4 f6 49. Bc1 Kg6 50. Kc5 Kf5 51. Kd6 e5 52. Kd5 Kg6 53. Ke6 e4 54. Kd5 Kf5 55.
Be3 1-0

[Event "*** Titled Tuesday Blitz"]
[Site "Chess.com"]
[Date "2020.12.01"]
[Round "3"]
[White "valeriocarnicelli"]
[Black "SergeiAza"]
[Result "0-1"]
[WhiteElo "2571"]
[BlackElo "2836"]
[TimeControl "180+1"]
[EndTime "10:27:53 PST"]
[Termination "SergeiAza won by resignation"]

1. e4 c5 2. Nf3 Nc6 3. d4 cxd4 4. Nxd4 Qb6 5. Nb3 Nf6 6. Nc3 e6 7. Qe2 Bb4 8. Bd2 O-O 9. a3 Be7 10. O-O-O d5 11. exd5 Nxd5 12. Nxd5 exd5 13. Be3 Qc7 14. Nd4 Bf6 15. Kb1 Bxd4 16. Bxd4 Bf5 17. Be3 d4 18. Bxd4 Nxd4 19. Rxd4 Rac8 20. Rd2 Rfd8 21. Ka1 Rxd2 22. Qxd2 Qxc2 23. Qxc2 Rxc2 24. Bb5 Rxf2 25. Rd1 g5 26. Bd7 Bxd7 27. Rxd7 Rxg2 28. Rxb7 f5 29. Rxa7 f4 30. Ra5 f3 31. Rf5 g4 32. h3 gxh3 33.
Rxf3 h2 0-1

[Event "*** Titled Tuesday Blitz"]
[Site "Chess.com"]
[Date "2020.12.01"]
[Round "3"]
[White "Semetey"]
[Black "tomsishere"]
[Result "0-1"]
[WhiteElo "2593"]
[BlackElo "2432"]
[TimeControl "180+1"]
[EndTime "10:27:54 PST"]
[Termination "tomsishere won by checkmate"]

1. Nf3 c5 2. e3 g6 3. d4 Bg7 4.
Bd3 cxd4 5. exd4 Nc6 6. c3 d5 7. O-O Nf6 8. h3 O-O 9. Re1 Bf5 10. Bxf5 gxf5 11. Bg5 Ne4 12. Bh4 Qd6 13. Nbd2 Kh8 14. Nf1 Bh6 15. Ne5 Nxe5 16. dxe5 Qg6 17. Bxe7 Rg8 18.
Qf3 Rae8 19. Bf6+ Bg7 20. Bxg7+ Rxg7 21. Ne3 Rxe5 22. Rad1 Ng5 23. Qe2 Nxh3+ 24. Kf1 f4 25. Rxd5 Rxd5 26. Qf3 Rd2 27. Ng4 Qa6+ 28. c4 Qxc4+ 29.
Re2 Rd1# 0-1

[Event "*** Titled Tuesday Blitz"]
[Site "Chess.com"]
[Date "2020.12.01"]
[Round "3"]
[White "canary2016"]
[Black "VladaSviridova"]
[Result "0-1"]
[WhiteElo "1994"]
[BlackElo "2290"]
[TimeControl "180+1"]
[EndTime "10:27:54 PST"]
[Termination "VladaSviridova won by checkmate"]

1. d4 d5 2. c4 c6 3. Nf3 Nf6 4. Nc3 dxc4 5. e4 b5 6. a4 b4 7.
Na2 Nxe4 8. Nxb4 Qa5 9. Bd2 Nxd2 10. Qxd2 e6 11. Nc2 Qxd2+ 12. Nxd2 a5 13. Bxc4 Nd7 14. O-O Be7 15. Rfe1 O-O 16. Ne4 Ba6 17. Bxa6 Rxa6 18. Re3 Rb6 19. b3 Rfb8 20. Rb1 f5 21. Nc5 Bxc5 22. dxc5 Nxc5 23. Nd4 Kf7 24. h3 f4 25. Re5 Nxb3 26. Nxb3 Rxb3 27. Rxb3 Rxb3 28. Rxa5 Kf6 29. Ra6 Ra3 30. Rxc6 Rxa4 31. Rc7 h5 32. Kf1 Ra2 33. Rc5 g5 34. Kg1 e5 35. Kf1 Kf5 36. Rc4 g4 37.
hxg4+ hxg4 38. Rc8 Ke4 39. Rc4+ Kd3 40. Rc5 Ra1+ 41.
Rc1 Rxc1# 0-1

[Event "*** Titled Tuesday Blitz"]
[Site "Chess.com"]
[Date "2020.12.01"]
[Round "3"]
[White "Forantes"]
[Black "Witik"]
[Result "0-1"]
[WhiteElo "2385"]
[BlackElo "2618"]
[TimeControl "180+1"]
[EndTime "10:27:55 PST"]
[Termination "Witik won by resignation"]

1. Nf3 Nf6 2. g3 d5 3. Bg2 c6 4.
O-O Bg4 5. d4 Nbd7 6. c4 e6 7. Nc3 Be7 8. Qb3 Qb6 9. Rd1 O-O 10. Bg5 Rfe8 11. c5 Qa6 12. h3 Bh5 13. Re1 b6 14. cxb6 axb6 15. e4 h6 16. Bd2 Bg6 17.
exd5 Nxd5 18. Nxd5 cxd5 19. Ne5 Nxe5 20. dxe5 Rec8 21. Rac1 Rxc1 22. Rxc1 Bc5 23. Be3 Qxa2 24. Qc3 Bxe3 25. fxe3 Kh7 26. Qd4 Qb3 27. Rc6 b5 28.
Kh2 Ra2 29. Rc8 Qxb2 30. Qxb2 Rxb2 31. Rb8 Be4 32. h4 Rxg2+ 33. Kh3 Rb2 34. h5 b4 35. Kg4 b3 36. Kh4 Rb1 37. Kg4 b2 38. Kh4 Rh1+ 39. Kg4 b1=Q 40. Rh8+ Kxh8 41. Kf4 Qf1+ 0-1

[Event "*** Titled Tuesday Blitz"]
[Site "Chess.com"]
[Date "2020.12.01"]
[Round "3"]
[White "Brave_spirit12"]
[Black "Juanovic"]
[Result "1-0"]
[WhiteElo "2481"]
[BlackElo "2173"]
[TimeControl "180+1"]
[EndTime "10:27:55 PST"]
[Termination "Brave_spirit12 won by resignation"]

1. e4 c5 2. c3 Nf6 3. e5 Nd5 4. d4 cxd4 5. cxd4 Nc6 6. Nf3 e6 7. Nc3 Nxc3 8. bxc3 d5 9. Bd3 Be7 10. h4 h6 11. Bc2 Bd7 12. O-O Na5 13. h5 b5 14. a4 a6 15. Ba3 Bxa3 16. Rxa3 Nc4 17. Ra1 Bc6 18. Nd2 Qg5 19. f4 Qh4 20. Nxc4 dxc4 21. axb5 axb5 22. Rxa8+ Bxa8 23. Qa1 O-O 24. Qe1 Qxh5 25. f5 Qg5 26. Be4 exf5 27. Rxf5 Qg4 28. Bxa8 Rxa8 29. Qf2 Ra1+ 30. Kh2 Ra2 31. Qxa2 Qxf5 32.
Qb2 Qh5+ 33. Kg1 Qd1+ 34. Kf2 Qa4 35. Qd2 Kf8 36. d5 Qa7+ 37. Kf3 Qc5 38. d6 Ke8 39. Qa2 Qc6+ 40. Kf2 Kd7 41. Qa7+ Ke6 42. Qe7+ Kd5 43. d7 Qc5+ 44. Qxc5+ Kxc5 45. d8=Q 1-0

[Event "*** Titled Tuesday Blitz"]
[Site "Chess.com"]
[Date "2020.12.01"]
[Round "3"]
[White "ChessWarrior3"]
[Black "zverr1"]
[Result "0-1"]
[WhiteElo "2116"]
[BlackElo "2470"]
[TimeControl "180+1"]
[EndTime "10:27:55 PST"]
[Termination "zverr1 won on time"]

1. e4 e6 2. d4 d5 3. Nc3 Nf6 4. e5 Nfd7 5. f4 c5 6. Nf3 Nc6 7. Be3 Be7 8. Qd2 O-O 9. O-O-O c4 10. g4 f6 11. exf6 Nxf6 12. Ne5 Nxe5 13. fxe5 Nxg4 14.
Rg1 Nxe3 15. Qxe3 Rf5 16. h4 Bxh4 17. Kb1 Bf2 18. Qh3 Bxg1 19. Be2 Qg5 20. Bg4 Rf4 21.
Rxg1 Kh8 22. a3 Bd7 23. Ne2 Raf8 24. Bxe6 Bxe6 25. Qxe6 Rf1+ 26. Rxf1 Rxf1+ 27. Ka2 Qd8 28. Nc3 Rf4 29. Nxd5 Rxd4 30. Ne7 Rd7 31. Nf5 c3 32. bxc3 Rc7 33. Qb3 g6 34. Nd6 Qg8 0-1

[Event "*** Titled Tuesday Blitz"]
[Site "Chess.com"]
[Date "2020.12.01"]
[Round "3"]
[White "LPSupi"]
[Black "googlegoom"]
[Result "1-0"]
[WhiteElo "2899"]
[BlackElo "2456"]
[TimeControl "180+1"]
[EndTime "10:27:56 PST"]
[Termination "LPSupi won by resignation"]

1. e4 c5 2. Nf3 Nc6 3. Bb5 Qb6 4. Nc3 Nd4 5. a4 a6 6. Bc4 e6 7. a5 Qc7 8. d3 g6 9. O-O Bg7 10. Bd2 Ne7 11. Nxd4 cxd4 12. Na4 O-O 13. Nb6 Rb8 14.
Bg5 Nc6 15. Qd2 Ne5 16. Bb3 d6 17. Bh6 Nd7 18. Bxg7 Kxg7 19. Nc4 Nc5 20. Ba2 e5 21.
f4 Be6 22. f5 Bxc4 23. f6+ Kh8 24. Qh6 Rg8 25. Bxc4 g5 26. Rf5 Rg6 27. Qh5 Rbg8 28. Bd5 Qd8 29. Bxf7 Rxf6 30. Bxg8 Kxg8 31. Qxg5+ Kh8 32.
Qxf6+ 1-0

[Event "*** Titled Tuesday Blitz"]
[Site "Chess.com"]
[Date "2020.12.01"]
[Round "3"]
[White "Twannibal"]
[Black "DoHoChess"]
[Result "0-1"]
[WhiteElo "2498"]
[BlackElo "2778"]
[TimeControl "180+1"]
[EndTime "10:27:57 PST"]
[Termination "DoHoChess won on time"]

1. e4 e5 2. Nf3 Nc6 3. Nc3 Nf6 4. d4 exd4 5. Nxd4 Bb4 6. Nxc6 bxc6 7. Bd3 O-O 8. O-O Re8 9. Bg5 Rb8 10. f4 Be7 11. e5 Nd5 12. Bxh7+ Kxh7 13. Qh5+ Kg8 14. Rf3 d6 15. Nxd5 cxd5 16. Bxe7 Qxe7 17. f5 Qxe5 18.
Rh3 Kf8 19. Rf1 Ke7 20. Qh4+ Qf6 21. Re1+ Kd7 22. Qa4+ c6 23. Rxe8 Kxe8 24. Qxc6+ Bd7 25. Qc7 Qd4+ 26. Kf1 Bb5+ 27. Ke1 Qg1+ 28. Kd2 Qxg2+ 0-1

[Event "*** Titled Tuesday Blitz"]
[Site "Chess.com"]
[Date "2020.12.01"]
[Round "3"]
[White "Tpros"]
[Black "marciojor"]
[Result "1-0"]
[WhiteElo "2506"]
[BlackElo "2254"]
[TimeControl "180+1"]
[EndTime "10:27:58 PST"]
[Termination "Tpros won by checkmate"]

1. c4 e5 2. d3 Nf6 3. a3 d5 4.
cxd5 Nxd5 5. Nf3 Nc6 6. e4 Nde7 7. Be3 g6 8. d4 exd4 9. Nxd4 Bg7 10. Nxc6 Nxc6 11.
Qxd8+ Nxd8 12. Nc3 O-O 13. Rc1 c6 14. Be2 Re8 15.
O-O b6 16. f3 Bb7 17. Rfd1 Kf8 18. Rd7 Re7 19. Rcd1 Ke8 20. R7d2 Ne6 21. Kf2 Rd8 22.
Rxd8+ Nxd8 23. h4 h6 24. g4 Ne6 25. f4 Rd7 26. f5 Nd4 27. Bc4 h5 28. gxh5 gxh5 29.
Rg1 Bf6 30. Rg8+ Ke7 31. Bg5 b5 32. Ba2 a5 33. e5 Bxg5 34. hxg5 Nxf5 35. Ne4 Rd4 36. Nf6 Rd2+ 37. Ke1 Rxb2 38. Re8# 1-0

[Event "*** Titled Tuesday Blitz"]
[Site "Chess.com"]
[Date "2020.12.01"]
[Round "3"]
[White "ShahMatKanal"]
[Black "norwaytoadog"]
[Result "0-1"]
[WhiteElo "2492"]
[BlackElo "2275"]
[TimeControl "180+1"]
[EndTime "10:27:58 PST"]
[Termination "norwaytoadog won by resignation"]

1. e4 c5 2. d4 cxd4 3. c3 e5 4.
cxd4 exd4 5. Nf3 Nc6 6. Bc4 Nf6 7. e5 d5 8. Bb3 Ne4 9. O-O Bc5 10. Bf4 O-O 11. Nbd2 Bg4 12. h3 Bh5 13. Qc2 Nb4 14.
Qd1 Nd3 15. Bh2 Rc8 16. g4 Bg6 17. Rb1 Ndxf2 18. Rxf2 d3 19. Nxe4 dxe4 20. Nd2 e3 21.
Nf3 exf2+ 22. Kg2 Be4 23. Bg3 d2 24. Bxf2 Bxb1 25. Qxb1 Bxf2 26. Kxf2 Rc1 27. Qe4 d1=Q 28. Bxd1 Qxd1 29. Kg3 Qf1 30. h4 Rd1 31. h5 Rd3 32. g5 Rxf3+ 33. Qxf3 Qxf3+ 34. Kxf3 Rc8 35. Ke3 Kf8 36. g6 hxg6 37. hxg6 fxg6 38. Kd3 Ke7 39. Kd4 Ke6 40. Kd3 Kxe5 0-1

[Event "*** Titled Tuesday Blitz"]
[Site "Chess.com"]
[Date "2020.12.01"]
[Round "3"]
[White "Das_Virus_2020"]
[Black "nubair1198"]
[Result "0-1"]
[WhiteElo "2443"]
[BlackElo "2809"]
[TimeControl "180+1"]
[EndTime "10:27:59 PST"]
[Termination "nubair1198 won by resignation"]

1. e4 Nf6 2. Nc3 d5 3. exd5 Nxd5 4. Bc4 Nb6 5. Bb3 Nc6 6. d4 Nxd4 7. Be3 Nxb3 8.
Qxd8+ Kxd8 9. axb3 Bf5 10. O-O-O+ Kc8 11. Nf3 Bg4 12. Bf4 Bxf3 13. gxf3 e6 14. Rd3 Be7 15.
Rhd1 Rd8 16. Bg3 a6 17. Ne4 f5 18. Nc3 Rxd3 19. Rxd3 c6 20. Ne2 Bg5+ 21. Kb1 Bf6 22.
h4 e5 23. h5 Nd5 24. c4 Ne7 25. f4 e4 26. Re3 c5 27. f3 Bd4 28. Nxd4 cxd4 29. Re1 e3 30. Kc2 Nc6 31. Kd3 b5 32. Bh4 Ra7 33. cxb5 axb5 34. Rc1 Rc7 35. Rg1 Rd7 36.
Be1 Kb7 37. Rg5 Rf7 38. Rg1 Kb6 39. Rg5 Kc5 40. Rg1 Re7 41. Rg5 Nb4+ 42. Bxb4+ Kxb4 43. h6 gxh6 0-1

[Event "*** Titled Tuesday Blitz"]
[Site "Chess.com"]
[Date "2020.12.01"]
[Round "3"]
[White "ChessWarrior7197"]
[Black "Legendinunknown"]
[Result "1-0"]
[WhiteElo "2987"]
[BlackElo "2668"]
[TimeControl "180+1"]
[EndTime "10:28:00 PST"]
[Termination "ChessWarrior7197 won by resignation"]

1. c4 e5 2. Nc3 Nf6 3. Nf3 d6 4. d4 exd4 5. Nxd4 g6 6. g3 Bg7 7. Bg2 O-O 8. O-O Nbd7 9. b3 Nc5 10. Bb2 c6 11. e3 Qe7 12. Qc2 Bd7 13. Rad1 Rad8 14. Rfe1 Rfe8 15. h3 Nfe4 16. Nxe4 Nxe4 17. Ne2 Bxb2 18. Qxb2 Nxf2 19. Kxf2 Qxe3+ 20. Kf1 Re5 21. g4 h5 22. Nd4 Qf4+ 23. Qf2 Qxf2+ 24. Kxf2 Rxe1 25. Rxe1 hxg4 26. h4 Kg7 27. Kg3 a5 28.
Kf4 Rh8 29. Re7 Rd8 30. Kg5 Bc8 31. Rc7 Re8 32. Kf4 Kf6 33. Be4 Rd8 34. Nc2 d5 35.
cxd5 cxd5 36. Bxd5 Rxd5 37. Rxc8 Rd2 38. Kxg4 Ke5 39.
Kf3 Rd3+ 40. Ne3 f5 41. Rc5+ Kf6 42. Rxa5 Rc3 43. Kf4 Rc1 44. Ra8 Rh1 45. Kg3 Ke5 46. Re8+ Kd4 47. Ng2 Kc3 48. Nf4 Kb2 49. Re2+ Ka3 50.
Nxg6 Rg1+ 51. Rg2 Rxg2+ 52. Kxg2 Kxa2 53. h5 Kxb3 54. h6 1-0